 Dungeon Crawl Stone Soup version 0.30-a0-1075-gcd70e7a56d (webtiles) character file.

Game seed: 17424748494781015491

296 juan097 the Sneak (level 6, -4/24 HPs)
             Began as a Felid Venom Mage on Apr 14, 2023.
             Slain by a goblin
             ... wielding a +0 club
             ... led by Robin
              (6 damage)
             ... on level 3 of the Dungeon.
             The game lasted 00:12:19 (3221 turns).

juan097 the Sneak (Felid Venom Mage)                Turns: 3221, Time: 00:12:19

Health: -4/24      AC:  2    Str:  4    XL:     6   Next: 12%
Magic:  7/10       EV: 17    Int: 19    God:
Gold:   171        SH:  0    Dex: 16    Spells: 3/9 levels left
                                        Lives:  0   Deaths: 1

rFire   . . .      SeeInvis +    (weapon unavailable)
rCold   + . .      Faith    .    (shield unavailable)
rNeg    . . .      Spirit   .    (body armour unavailable)
rPois   +          Reflect  .    (helmet unavailable)
rElec   .          Rampage  .    (cloak unavailable)
rCorr   .                        (gloves unavailable)
Will    .....                    (boots unavailable)
Stlth   +++                      (no amulet)
HPRegen 0.24/turn                c - ring of protection from cold
MPRegen 0.12/turn                f - ring of poison resistance

@: quick
A: very small, claws 1, fangs 3, see invisible, speed 1, shaggy fur 2, stealthy
paws, no weapons or thrown items, no armour, multi-lived
a: no special abilities


You were on level 3 of the Dungeon.
You visited 1 branch of the dungeon, and saw 3 of its levels.

You collected 171 gold pieces.

Inventory:

Jewellery
 c - a ring of protection from cold (left paw)
 f - a ring of poison resistance (right paw)
Wands
 a - a wand of flame (19)
Scrolls
 b - a scroll of enchant weapon
 d - a scroll of poison
 h - 2 scrolls of identify
 i - a scroll of noise {unknown}
 j - 2 scrolls of fear {unknown}
 k - 2 scrolls of teleportation {unknown}
Potions
 g - a potion of resistance {unknown}
 l - 2 potions of heal wounds


   Skills:
 - Level 2.6 Dodging
 - Level 5.0 Stealth
 + Level 2.1 Spellcasting
 - Level 3.0 Transmutations
 - Level 2.0 Air Magic
 + Level 4.9 Poison Magic


You had 3 spell levels left.
You knew the following spells:

 Your Spells              Type           Power      Damage    Failure   Level
a - Sting                 Tmut/Pois      68%        1d6       3%          1
b - Poisonous Vapours     Pois/Air       30%        N/A       6%          2
c - Mephitic Cloud        Conj/Pois/Air  10%        N/A       19%         3

Your spell library contained the following spells:

 Spells                   Type           Power      Damage    Failure   Level
 Apportation              Tloc           4%         N/A       17%         1
 Necrotise                Necr           8%         1d4       17%         1
 Summon Small Mammal      Summ           8%         N/A       17%         1
 Ignite Poison            Fire/Tmut/Pois 12%        N/A       17%         3
 Olgreb's Toxic Radiance  Pois           20%        N/A       22%         4
 Alistair's Intoxication  Tmut/Pois      11%        N/A       65%         5
 Sticky Flame             Conj/Fire      2%         2d3       86%         4
 Ignition                 Fire           1%         3d3       100%        8


Dungeon Overview and Level Annotations

Branches:
Dungeon (3/15)

Altars:
Xom

Annotations:
D:3 Robin


Innate Abilities, Weirdness & Mutations

You have sharp claws.
You have razor-sharp teeth.
You have supernaturally acute eyesight. (SInv)
You cover ground quickly. (Speed+)
You are covered in thick fur. (AC +2)
Your paws help you pounce on unaware monsters.
You are incapable of wielding weapons or throwing items.
You cannot wear armour.
You gain extra lives every three experience levels.


Message History

Aiming: Sting (safe; 3% risk of failure)
Press: ? - help, Shift-Dir - straight line, f - goblin
Aim: a goblin, wielding a +0 dagger (67% to hit)
The sting hits the goblin.
The goblin is poisoned.
The goblin is moderately wounded.
The hobgoblin barely misses you. The goblin hits you with a +0 club.
The goblin hits you with a +0 dagger. x2; The hobgoblin hits you.
Casting: Sting (safe; 3% risk of failure)
Confirm with . or Enter, or press ? or * to list all spells.
Aiming: Sting (safe; 3% risk of failure)
Press: ? - help, Shift-Dir - straight line, f/p - goblin
Aim: a goblin, wielding a +0 dagger (poisoned, 67% to hit)
The sting hits the goblin.
The goblin looks even sicker.
You kill the goblin!
The hobgoblin hits you. The goblin barely misses you.
The hobgoblin closely misses you. The goblin hits you with a +0 dagger.
The adder misses you.
The air fills with toxic fumes!
As you read the scroll labelled KONLOI IPNENGALEQ, it crumbles to dust.
It was a scroll of poison.
The hobgoblin barely misses you. The goblin hits you with a +0 club.
* * * LOW HITPOINT WARNING * * *
The adder barely misses you.
Robin roars a battlecry!
The goblins go into a battle-frenzy!
The goblin hits you but does no damage. The hobgoblin misses you.
Unknown command.
As you read the scroll labelled ZERAF BYRAAQY, it crumbles to dust.
It is a scroll of identify.
b - a scroll of enchant weapon The hobgoblin closely misses you.
The goblin misses you. The adder bites you but does no damage.
The hobgoblin closely misses you. The goblin hits you with a +0 dagger.
* * * LOW HITPOINT WARNING * * *
Unknown command.
As you read the scroll labelled FEBEKH ECO AMO, it crumbles to dust.
The scroll dissolves into smoke.
It was a scroll of fog.
The adder closely misses you. The hobgoblin barely misses you.
The goblin hits you with a +0 club.
You die...

....## ####.PP...#####......
....# #§§.P#.# #...... ..).#
#§§P.#.# #...... ##.## #§PP.#..##
####### ##.# #§#####[.# ##.##
#g######§# ....# #ggg§§§§§##
P...# ####ggg§§§§§.##
...#####+####..#@gg§§§§§..####
...............#Sg§§§§§§#..÷.####
...............§g§§§§§§§........#
######..#.[...§#§§§§§§§§#########
# #.......§§#§§§§§§§§# #
##.....####§§§§§§§§# ##
#.##.....§§§§§§§§§# .###
#.##.....####§##### .<.#
#........# #..


You could see an adder, 3 hobgoblins and 7 goblins.

Vanquished Creatures
  Grinder (D:3)
  Natasha (twice) (D:3)
  4 gnolls
  A howler monkey skeleton (D:3)
  An adder (D:2)
  A worm (D:3)
  A dart slug (D:1)
  An orc (D:3)
  4 ball pythons
  4 bats
  8 endoplasms
  A giant cockroach (D:3)
  5 goblins
  6 hobgoblins
  2 jackals (D:1)
  2 quokkas (D:2)
  2 frilled lizards
  A giant cockroach zombie (D:3)
  4 kobolds
  7 rats
58 creatures vanquished.

Vanquished Creatures (others)
  3 withered plants (D:3)
3 creatures vanquished.

Grand Total: 61 creatures vanquished

Notes
Turn   | Place    | Note
-------+----------+-------------------------------------------
     0 | D:1      | juan097 the Felid Venom Mage began the quest for the Orb.
     0 | D:1      | Reached XP level 1. HP: 7/7 MP: 4/4
    91 | D:1      | Reached skill level 3 in Stealth
   171 | D:1      | Reached XP level 2. HP: 9/11 MP: 0/6
   949 | D:2      | Reached XP level 3. HP: 11/14 MP: 5/7
  1179 | D:1      | Learned a level 2 spell: Poisonous Vapours
  1183 | D:1      | Learned a level 3 spell: Mephitic Cloud
  1281 | D:2      | Reached skill level 4 in Stealth
  1304 | D:2      | Reached XP level 4. HP: 18/18 MP: 0/8
  2010 | D:2      | Found a shimmering altar of Xom.
  2358 | D:3      | Found a faded altar of an unknown god.
  2607 | D:3      | Noticed Grinder
  2617 | D:3      | Noticed Natasha
  2628 | D:3      | Killed Natasha
  2629 | D:3      | Paralysed by Grinder for 5 turns
  2636 | D:3      | Paralysed by Grinder for 2 turns
  2642 | D:3      | Noticed Natasha
  2648 | D:3      | Killed from afar by Grinder
  2649 | D:3      | Reached XP level 3. HP: 0/14 MP: 5/7
  2658 | D:3      | Killed Grinder
  2659 | D:3      | Reached skill level 5 in Stealth
  2659 | D:3      | Reached XP level 4. HP: 18/18 MP: 8/8
  2659 | D:3      | Reached XP level 5. HP: 21/21 MP: 9/9
  2920 | D:3      | Gained mutation: You are covered in thick fur. (AC +2)
                  | [Felid growth]
  2920 | D:3      | Reached XP level 6. HP: 24/24 MP: 4/10
  3050 | D:3      | Killed Natasha
  3202 | D:3      | Noticed Robin
  3220 | D:3      | HP: 1/24 [goblin/+0 dagger[Robin] (4)]
  3221 | D:3      | Slain by a goblin

Illustrated notes

Levels and vault maps discovered:
D:1:      dreamdust_arrival_sigmund_warning, layout_basic
D:2:      layout_basic, basic_altar
D:3:      layout_rooms, ebering_ecumenical_altar_webs, serial_undead,
          serial_undead_c, serial_undead_b, serial_undead_f, serial_undead_c,
          kennysheep_another_room, uniq_natasha, uniq_robin, uniq_grinder

Skill      XL: |  1  2  3  4 |
---------------+-------------+-----
Stealth        | 3 5 |  5.0
Poison Magic   | 3 4 |  4.9
Transmutations | 2 3 |  3.0
Air Magic      | 2 |  2.0
Dodging        | |  2.6
Spellcasting   | |  2.1

Action                     |  1- 3 |  4- 6 || total
---------------------------+-------+-------++-------
  Melee: Unarmed           |    12 |     8 ||    20
         Bite              |       |     2 ||     2
   Cast: Sting             |    39 |    45 ||    84
         Poisonous Vapours |     4 |    35 ||    39
    Use: Potion            |       |     2 ||     2
         Scroll            |       |     3 ||     3
   Stab: Sleeping          |    11 |       ||    11
 Armour: Skin              |     1 |     5 ||     6
  Dodge: Dodged            |    14 |    40 ||    54

Table legend: (Time is in decaauts)
 A = Elapsed time spent in this place.
 B = Non-inter-level travel time spent in this place.
 C = Inter-level travel time spent in this place.
 D = Time resting spent in this place.
 E = Time spent auto-exploring this place.
 F = Levels seen in this place.
 G = Mean time per level.
                   A        B        C        D        E       F      G
               +--------+--------+--------+--------+--------+-----+--------+
         Total |   2890 |   2806 |     84 |      0 |   2215 |   3 |  963.3 |
       Dungeon |   2890 |   2806 |     84 |      0 |   2215 |   3 |  963.3 |
               +--------+--------+--------+--------+--------+-----+--------+

Top non-repeatable levels by time:
     D:2: 1343 daAuts
     D:1: 935 daAuts
     D:3: 612 daAuts
